 Dungeon Crawl Stone Soup version 0.28.0-45-g0d030f2227 (webtiles) character file.

Game seed: 6016052571996183916

115 101zpm the Chiller (level 4, -2/24 HPs)
             Began as a Deep Elf Ice Elementalist on Apr 20, 2022.
             Was an Initiate of Dithmenos.
             Killed from afar by an orc wizard (9 damage)
             ... with a magic dart
             ... on level 4 of the Dungeon.
             The game lasted 00:08:35 (3819 turns).

101zpm the Chiller (Deep Elf Ice Elementalist)      Turns: 3819, Time: 00:08:36

Health: -2/24      AC:  4    Str:  5    XL:     4   Next: 68%
Magic:  12/12      EV: 12    Int: 22    God:    Dithmenos [......]
Gold:   123        SH:  0    Dex: 15    Spells: 11/12 levels left

rFire   + . .      SeeInvis .   c - +0 dagger
rCold   . . .      Faith    .   (no shield)
rNeg    . . .      Spirit   .   k - +0 leather armour {rF+}
rPois   .          Reflect  .   (no helmet)
rElec   .          Harm     .   (no cloak)
rCorr   .          Rampage  .   m - +0 pair of gloves
Will    .....                   (no boots)
Stlth   ++........              (no amulet)
HPRegen 0.08/turn               (no ring)
MPRegen 0.13/turn               (no ring)

@: no status effects
A: no striking features
a: Renounce Religion


You were on level 4 of the Dungeon.
You worshipped Dithmenos.
Dithmenos was noncommittal.
You visited 1 branch of the dungeon, and saw 4 of its levels.

You collected 123 gold pieces.

Inventory:

Hand Weapons
 c - a +0 dagger (weapon)
 p - a +2 hand axe of distortion
Missiles
 e - 34 arrows
 h - 18 bolts
 n - 45 stones
 o - 33 sling bullets
Armour
 a - a +0 robe
 i - a +0 leather armour
 k - a +0 leather armour of fire resistance (worn)
 m - a +0 pair of gloves (worn)
Scrolls
 f - a scroll of blinking
 g - a scroll of holy word
 l - a scroll of enchant armour
 q - a scroll of teleportation
 s - a scroll of immolation {unknown}
Potions
 d - a potion of attraction {unknown}
 j - a potion of flight {unknown}
 r - a potion of lignification {unknown}


   Skills:
 + Level 0.2 Short Blades
 + Level 0.6 Armour
 + Level 2.9 Dodging
 + Level 2.7 Stealth
 + Level 4.5 Spellcasting
 + Level 5.5 Ice Magic


You had 11 spell levels left.
You knew the following spells:

 Your Spells              Type           Power      Damage    Failure   Level
a - Freeze                Ice            100%       1d11      1%          1

Your spell library contained the following spells:

 Spells                   Type           Power      Damage    Failure   Level
 Frozen Ramparts          Ice            58%        1d7       5%          3
 Ozocubu's Armour         Ice            29%        N/A       5%          3
 Shock                    Conj/Air       20%        1d4       17%         1
 Swiftness                Air            5%         N/A       45%         3
 Hailstorm                Conj/Ice       17%        3d6       50%         4
 Airstrike                Air            2%         N/A       86%         4


Dungeon Overview and Level Annotations

Branches:
Dungeon (4/15)
 Temple: D:4-7

Altars:
Dithmenos
Qazlal


Message History

The orc priest hits you with a +0 short sword.
Aiming: Freeze (safe; 1% risk of failure)
Press: ? - help, Q - select action, (/) - cycle Shift-Dir - straight line, f - orc priest
Aim: an orc priest, wielding a +0 short sword and wearing a +0 chain mail You freeze the orc priest!
The orc priest is heavily wounded.
An orc wizard comes into view. It is wielding a +4 dagger.
The orc priest begins to cast a cantrip, but forgets the words!
The orc wizard shouts!
Aiming: Freeze (safe; 1% risk of failure)
Press: ? - help, Q - select action, (/) - cycle Shift-Dir - straight line, f/p - orc priest
Aim: an orc priest, wielding a +0 short sword and wearing a +0 chain mail (heavily wounded)
You freeze the orc priest!
You kill the orc priest!
Dithmenos accepts your kill.
The orc wizard gestures wildly while chanting.
The orc wizard flickers and vanishes!
Deactivating autopickup; reactivate with Ctrl-A.
A puff of flame appears from out of thin air!
The puff of flame misses you.
A magic dart appears from out of thin air!
The magic dart hits you!
You are confused.
You're too confused to move!
You bump into the rock wall.
You bump into the rock wall.
You bump into the rock wall.
You feel less confused.
You hear some strange, mumbled words.
Something tries to affect you, but you resist.
A magic dart appears from out of thin air!
The magic dart hits you!
* * * LOW HITPOINT WARNING * * *
You hear the rusting of a very distant drain.
Casting: Freeze (safe; 1% risk of failure)
Confirm with . or Enter, or press ? or * to list all spells.
Okay, then.
The orc wizard gestures at you while chanting.
The magic dart hits you!
You die...

#.###################
##########.##.................
#..........##.###############.
#.###########.# #. #.# #.#
######. #.# #.# #...... #.#
#.# #.##### #.####### #.# #.#
#...{...# #@# #.# #######.#
#.# #.##### #.#####.# #......
#...o.o.# ########. #########
#........ #.####..# #.#..#..#
#.#.....# #.##.#.##


You could see an orc wizard.

Vanquished Creatures
  An orc priest (D:4)
  An adder (D:2)
  An ufetubus (D:3)
  A worm (D:3)
  2 dart slugs
  5 orcs
  4 ball pythons
  6 bats
  4 endoplasms
  A giant cockroach (D:1)
  7 goblins
  9 hobgoblins
  A quokka (D:3)
  6 frilled lizards
  5 kobolds
  6 rats
60 creatures vanquished.

Notes
Turn   | Place    | Note
-------+----------+-------------------------------------------
     0 | D:1      | 101zpm the Deep Elf Ice Elementalist began the quest for
                  | the Orb.
     0 | D:1      | Reached XP level 1. HP: 10/10 MP: 6/6
   114 | D:1      | Found a faded altar of an unknown god.
   366 | D:2      | Reached XP level 2. HP: 7/15 MP: 1/8
  1138 | D:2      | Reached XP level 3. HP: 15/19 MP: 6/10
  1354 | D:2      | Reached skill level 5 in Ice Magic
  1621 | D:3      | Found a shadowy altar of Dithmenos.
  2739 | D:2      | Reached XP level 4. HP: 12/24 MP: 10/12
  3274 | D:3      | Found a stormy altar of Qazlal.
  3452 | D:3      | Became a worshipper of Dithmenos the Shadowed
  3819 | D:4      | Killed from afar by an orc wizard

Illustrated notes

Levels and vault maps discovered:
D:1:      mrwooster_arrival_statue_2, layout_basic,
          hellmonk_ecumenical_altar_heavens_door, lemuel_flame_loot_1
D:2:      layout_basic, nicolae_concentric_dashed_squares_mild, minmay_distorted
D:3:      layout_rooms, mainiacjoe_overflow_concentric_impassable,
          mainiacjoe_overflow_boulevard, serial_corexii_hall,
          chequers_hall_statues_corner_a, corexii_hall_statues_x,
          kennysheep_decorative_pillar, chequers_serial_rivers_large_a
D:4:      layout_basic, cheibrodos_sewer_entry_drain

Skill      XL: |  1  2  3 |
---------------+----------+-----
Ice Magic      | 5 |  5.5
Spellcasting   | 4 |  4.5
Short Blades   | |  0.2
Armour         | |  0.6
Dodging        | |  2.9
Stealth        | |  2.7

Action                   |  1- 3 |  4- 6 || total
-------------------------+-------+-------++-------
Melee: Dagger            |    13 |     5 ||    18
       Punch             |       |     1 ||     1
 Cast: Freeze            |    69 |    17 ||    86
  Use: Scroll            |       |     4 ||     4
 Stab: Sleeping          |     1 |       ||     1
Armor: Robe              |     3 |       ||     3
       Leather armour    |    13 |     8 ||    21
Dodge: Dodged            |    44 |    21 ||    65
